 Dungeon Crawl Stone Soup version 0.28-a0-1555-g9ae15a6949 (webtiles) character file.

Game seed: 14320473876339799911

1589 ytrimaz the Shield-Bearer (level 8, 0/67 HPs)
             Began as a Gnoll Fighter on Jan 18, 2022.
             Slain by a hound (4 damage)
             ... on level 5 of the Dungeon.
             The game lasted 00:06:53 (5612 turns).

ytrimaz the Shield-Bearer (Gnoll Fighter)           Turns: 5612, Time: 00:06:53

Health: 0/67       AC: 12    Str: 17    XL:     8   Next: 92%
Magic:  22/22      EV:  8    Int:  7    God:
Gold:   184        SH:  6    Dex: 13    Spells: 14/14 levels left

rFire   . . .      SeeInvis .   a - +0 war axe (elec)
rCold   . . .      Faith    .   c - +0 buckler
rNeg    . . .      Spirit   .   l - +0 chain mail
rPois   .          Reflect  .   f - +0 helmet
rElec   .          Harm     .   (no cloak)
rCorr   .          Rampage  .   (no gloves)
Will    .....                   (no boots)
Stlth   ..........              (no amulet)
HPRegen 0.21/turn               j - ring of magical power
MPRegen 0.18/turn               k - ring of flight

@: flying
A: fangs 1, strong nose, distributed training
a: no special abilities


You were on level 5 of the Dungeon.
You visited 1 branch of the dungeon, and saw 5 of its levels.

You collected 184 gold pieces.

Inventory:

Hand Weapons
 a - a +0 war axe of electrocution (weapon)
Missiles
 d - 7 throwing nets
 h - 10 boomerangs (quivered)
Armour
 c - a +0 buckler (worn)
 f - a +0 helmet (worn)
 l - a +0 chain mail (worn)
Jewellery
 j - a ring of magical power (left hand)
 k - a ring of flight (right hand)
Wands
 i - a wand of flame (26)
 n - a wand of polymorph (7)
Scrolls
 b - 2 scrolls of vulnerability
 e - 2 scrolls of immolation
 m - 2 scrolls of brand weapon
Potions
 o - a potion of cancellation {unknown}


   Skills:
 + Level 7.6 Fighting
 + Level 3.7 Short Blades
 + Level 3.7 Long Blades
 + Level 5.9 Axes
 + Level 3.7 Maces & Flails
 + Level 3.7 Polearms
 + Level 3.7 Staves
 + Level 3.7 Slings
 + Level 3.7 Bows
 + Level 3.7 Crossbows
 + Level 3.7 Throwing
 + Level 7.6 Armour
 + Level 3.7 Dodging
 + Level 3.7 Stealth
 + Level 7.6 Shields
 + Level 3.7 Unarmed Combat
 + Level 3.7 Spellcasting
 + Level 3.0 Conjurations
 + Level 3.0 Hexes
 + Level 3.0 Summonings
 + Level 3.0 Necromancy
 + Level 3.0 Translocations
 + Level 3.0 Transmutations
 + Level 3.0 Fire Magic
 + Level 3.0 Ice Magic
 + Level 3.0 Air Magic
 + Level 3.0 Earth Magic
 + Level 3.0 Poison Magic
 + Level 4.0 Invocations
 + Level 3.7 Evocations


You had 14 spell levels left.
You didn't know any spells.
Your spell library contained the following spells:

 Spells                   Type           Power      Damage    Failure   Level
 Beastly Appendage        Tmut           10%        N/A       78%         1
 Wereblood                Tmut           5%         N/A       89%         2
 Spider Form              Tmut/Pois      5%         N/A       98%         3


Dungeon Overview and Level Annotations

Branches:
Dungeon (5/15)
 Temple: D:4-7

Altars:


Innate Abilities, Weirdness & Mutations

You have very sharp teeth.
Your uncanny sense of smell can sniff out nearby items.
Your experience applies equally to all skills.


Message History

You block the hound's attack.
The gnoll hits you from afar with a +0 spear!
* * * LOW HITPOINT WARNING * * *
Unknown command.
Okay, then.
The gnoll sergeant closely misses you. You block the hound's attack.
The gnoll sergeant closely misses you.
Okay, then.
The hound bites you but does no damage.
The gnoll hits you from afar with a +0 spear.
* * * LOW HITPOINT WARNING * * *
The hound bites you but does no damage.
You fade into invisibility!
The hound bites you but does no damage. You block the gnoll's attack.
You block the gnoll sergeant's attack.
Unknown command.
The hound barely misses you.
The gnoll throws a throwing net.
The throwing net barely misses the hound.
The hound barely misses you. You block the hound's attack.
Press: ? - help, v - describe, . - travel
Here: a hound The floor.
You block the hound's attack. The hound bites you but does no damage.
You flicker for a moment.
The hound bites you but does no damage. The hound bites you but does no damage.
The hound bites you but does no damage.
You flicker back into view.
The hound bites you.
* * * LOW HITPOINT WARNING * * *
The hound closely misses you. The hound completely misses you.
The hound bites you.
* * * LOW HITPOINT WARNING * * *
The hound closely misses you. The hound bites you.
You die...

#..'....g.'..##g≈........##
#..'......'..##.≈..####<..#
####..g...####..≈...####..#
.##..g.....##...≈....#....#
.....#''#.......≈....#....#
....##..##††....≈.........#
....##..##(....≈≈.....#####
.....####.....≈≈.......#
.(....##..g.gg≈.@.:.......#
≈............≈≈h.......#..#
≈≈≈≈≈≈≈≈≈...≈≈.........#..#
....................#... .#
......................... #
..................#....!.#
..................#.....
........................
.....................##


You could see a gnoll sergeant, a hound and 2 gnolls.

Vanquished Creatures
  Sigmund (D:2)
  Edmund (D:5)
  A sky beast (D:5)
  A black bear (D:2)
  An ogre (D:5)
  A gnoll sergeant (D:5)
  A water moccasin zombie (D:5)
  A bullfrog zombie (D:3)
  11 hounds
  A bullfrog skeleton (D:5)
  2 orc priests
  3 gnoll shamans (D:5)
  A jelly (D:5)
  An orc wizard (D:5)
  The ghost of psuckher the Sneak, a weakling BaDe (D:4)
  A hound skeleton (D:4)
  18 gnolls (D:5)
  3 adders
  2 worms
  2 dart slugs
  18 orcs
  4 ball pythons
  4 bats
  7 endoplasms
  4 giant cockroaches
  3 goblins
  5 hobgoblins
  20 jackals
  A quokka (D:3)
  4 frilled lizards
  9 kobolds
  A quokka skeleton (D:4)
  3 rats
137 creatures vanquished.

Vanquished Creatures (others)
  An adder (D:5)
1 creature vanquished.

Grand Total: 138 creatures vanquished

Notes
Turn   | Place    | Note
-------+----------+-------------------------------------------
     0 | D:1      | ytrimaz the Gnoll Fighter began the quest for the Orb.
     0 | D:1      | Reached XP level 1. HP: 23/23 MP: 1/1
    57 | D:1      | Reached XP level 2. HP: 25/29 MP: 2/2
   339 | D:1      | Reached XP level 3. HP: 35/35 MP: 3/3
   579 | D:1      | Found a faded altar of an unknown god.
  1016 | D:2      | Reached skill level 1 in Invocations
  1017 | D:2      | Noticed a black bear
  1029 | D:2      | Killed a black bear
  1030 | D:2      | Reached skill level 1 in Short Blades
  1030 | D:2      | Reached skill level 1 in Long Blades
  1030 | D:2      | Reached skill level 1 in Maces & Flails
  1030 | D:2      | Reached skill level 1 in Polearms
  1030 | D:2      | Reached skill level 1 in Staves
  1030 | D:2      | Reached skill level 1 in Slings
  1030 | D:2      | Reached skill level 1 in Bows
  1030 | D:2      | Reached skill level 1 in Crossbows
  1030 | D:2      | Reached skill level 1 in Throwing
  1030 | D:2      | Reached skill level 1 in Dodging
  1030 | D:2      | Reached skill level 1 in Stealth
  1030 | D:2      | Reached skill level 1 in Unarmed Combat
  1030 | D:2      | Reached skill level 1 in Spellcasting
  1030 | D:2      | Reached skill level 1 in Conjurations
  1030 | D:2      | Reached skill level 1 in Hexes
  1030 | D:2      | Reached skill level 1 in Summonings
  1030 | D:2      | Reached skill level 1 in Necromancy
  1030 | D:2      | Reached skill level 1 in Translocations
  1030 | D:2      | Reached skill level 1 in Transmutations
  1030 | D:2      | Reached skill level 1 in Fire Magic
  1030 | D:2      | Reached skill level 1 in Ice Magic
  1030 | D:2      | Reached skill level 1 in Air Magic
  1030 | D:2      | Reached skill level 1 in Earth Magic
  1030 | D:2      | Reached skill level 1 in Poison Magic
  1030 | D:2      | Reached skill level 1 in Evocations
  1030 | D:2      | Reached XP level 4. HP: 21/41 MP: 4/6
  1030 | D:2      | Reached XP level 5. HP: 24/47 MP: 4/7
  1690 | D:2      | Noticed Sigmund
  1715 | D:2      | Killed Sigmund
  1716 | D:2      | Reached skill level 5 in Axes
  1716 | D:2      | Reached XP level 6. HP: 9/53 MP: 7/9
  2865 | D:3      | Reached XP level 7. HP: 58/59 MP: 10/10
  3236 | D:4      | Found a runed translucent door.
  3236 | D:4      | Noticed psuckher's ghost (weakling BaDe)
  3953 | D:4      | Killed psuckher's ghost
  3996 | D:5      | Entered Level 5 of the Dungeon
  4017 | D:5      | HP: 3/60 [hound (1)]
  4029 | D:5      | HP: 3/60 [hound (4)]
  4534 | D:5      | Noticed Edmund
  4712 | D:5      | Killed Edmund
  4713 | D:5      | Reached XP level 8. HP: 29/66 MP: 12/12
  5579 | D:5      | HP: 1/67 [gnoll (8)]
  5584 | D:5      | HP: 1/67 [gnoll (1)]
  5602 | D:5      | HP: 3/67 [hound (2)]
  5608 | D:5      | HP: 3/67 [hound (1)]
  5612 | D:5      | Slain by a hound

Illustrated notes

Levels and vault maps discovered:
D:1:      matt_arrival_grand_opening, layout_loops_ring,
          hellmonk_ecumenical_altar_inner_sanctum
D:2:      layout_loops_ring, nrook_mini_backslash, minmay_indecisive_spiral,
          uniq_sigmund
D:3:      layout_rooms, guppyfry_early_lair_pool
D:4:      layout_basic, hellmonk_ghost_happy_afterlife
D:5:      layout_cave_pools, serial_gnoll_camp, gnoll_camp_huts_moat,
          gnoll_camp_mini_hut, gnoll_camp_mini_basic, grums_kennel,
          gnoll_camp_mini_hut, roderic_roman_lattice, chequers_mini_garden,
          kennysheep_small_square, uniq_edmund

Skill      XL: |  1  2  3  4  5  6  7  8 |
---------------+-------------------------+-----
Invocations    | 1 2 3 4 |  4.0
Short Blades   | 1 2 3 |  3.7
Long Blades    | 1 2 3 |  3.7
Maces & Flails | 1 2 3 |  3.7
Polearms       | 1 2 3 |  3.7
Staves         | 1 2 3 |  3.7
Slings         | 1 2 3 |  3.7
Bows           | 1 2 3 |  3.7
Crossbows      | 1 2 3 |  3.7
Throwing       | 1 2 3 |  3.7
Dodging        | 1 2 3 |  3.7
Stealth        | 1 2 3 |  3.7
Unarmed Combat | 1 2 3 |  3.7
Spellcasting   | 1 2 3 |  3.7
Conjurations   | 1 2 3 |  3.0
Hexes          | 1 2 3 |  3.0
Summonings     | 1 2 3 |  3.0
Necromancy     | 1 2 3 |  3.0
Translocations | 1 2 3 |  3.0
Transmutations | 1 2 3 |  3.0
Fire Magic     | 1 2 3 |  3.0
Ice Magic      | 1 2 3 |  3.0
Air Magic      | 1 2 3 |  3.0
Earth Magic    | 1 2 3 |  3.0
Poison Magic   | 1 2 3 |  3.0
Evocations     | 1 2 3 |  3.7
Axes           | 5 |  5.9
Fighting       | 7 |  7.6
Armour         | 7 |  7.6
Shields        | 7 |  7.6

Action                   |  1- 3 |  4- 6 |  7- 9 || total
-------------------------+-------+-------+-------++-------
Melee: War axe           |    77 |   122 |   189 ||   388
       Bite              |     2 |     5 |    16 ||    23
Throw: Boomerang         |       |     6 |    64 ||    70
  Use: Potion            |     1 |       |     6 ||     7
       Scroll            |       |     7 |     3 ||    10
 Stab: Invisible         |       |       |     2 ||     2
Armor: Scale mail        |    60 |    60 |     3 ||   123
       Chain mail        |       |       |   166 ||   166
Dodge: Dodged            |    54 |    42 |    92 ||   188
Block: Buckler           |    31 |    44 |    84 ||   159

Table legend: (Time is in decaauts)
 A = Elapsed time spent in this place.
 B = Non-inter-level travel time spent in this place.
 C = Inter-level travel time spent in this place.
 D = Time resting spent in this place.
 E = Time spent auto-exploring this place.
 F = Levels seen in this place.
 G = Mean time per level.
                   A        B        C        D        E       F      G
               +--------+--------+--------+--------+--------+-----+--------+
         Total |   5713 |   5635 |     78 |    792 |   3762 |   5 | 1142.6 |
       Dungeon |   5713 |   5635 |     78 |    792 |   3762 |   5 | 1142.6 |
               +--------+--------+--------+--------+--------+-----+--------+

Top non-repeatable levels by time:
     D:2: 1440 daAuts
     D:4: 1406 daAuts
     D:5: 1188 daAuts
     D:1: 988 daAuts
     D:3: 689 daAuts
